 Dungeon Crawl Stone Soup version 0.31.0-32-g396128a36d (webtiles) character file.

Game seed: 13701010856365155310

464 spaghetti the Caller (level 7, -11/60 HPs)
             Began as a Naga Summoner on Mar 9, 2024.
             Mangled by an ice beast (14 damage)
             ... on level 5 of the Dungeon.
             The game lasted 00:05:08 (4315 turns).

spaghetti the Caller (Naga Summoner)                Turns: 4315, Time: 00:05:08

Health: -11/60     AC:  4    Str: 11    XL:     7   Next: 7%
Magic:  2/11       EV:  9    Int: 17    God:
Gold:   209        SH:  0    Dex: 11    Spells: 4/14 levels left

rFire   + . .        m - +2 war axe (elec)
rCold   . . .        (no shield)
rNeg    . . .        e - +1 leather armour {rF+}
rPois   +            (no helmet)
rElec   .            (no cloak)
rCorr   .            (no gloves)
SInv    +            (no barding)
Will    .....        l - amulet of faith
Stlth   ++           d - +4 ring of slaying
HPRegen 0.30/turn    (no ring)
MPRegen 0.12/turn

%: faith
@: unable to call your familiar, very slow
A: AC +2, large, see invisible, deformed body, poison resistance, slowness 2,
spit poison 1, naga tail 1, low MP 1, mutation resistance 1, robust 1
a: Spit Poison


You were on level 5 of the Dungeon.
You visited 1 branch of the dungeon, and saw 5 of its levels.

You collected 274 gold pieces.
You spent 65 gold pieces at shops.

Inventory:

Hand Weapons
 m - a +2 war axe of electrocution (weapon)
 t - a +1 dagger of venom
Armour
 a - a +0 robe
 e - a +1 leather armour of fire resistance (worn)
Magical Staves
 g - a staff of earth
Jewellery
 d - a +4 ring of slaying (left hand)
 l - an amulet of faith (around neck)
Wands
 j - a wand of roots (9)
Scrolls
 f - a scroll of silence {unknown}
 h - a scroll of butterflies
 n - a scroll of noise
 o - a scroll of enchant weapon {unknown}
 p - a scroll of blinking
 r - a scroll of acquirement {unknown}
 s - 2 scrolls of teleportation
 x - 2 scrolls of identify
Potions
 b - a potion of magic
 c - a potion of resistance
 i - a potion of mutation
 k - 2 potions of might
 q - a potion of ambrosia
 u - a potion of curing {unknown}
 v - a potion of lignification {unknown}
 w - a potion of invisibility {unknown}


   Skills:
 - Level 1.5 Dodging
 - Level 3.0 Stealth
 + Level 4.1 Spellcasting
 + Level 5.6 Summonings
 * Level 1.9 Fire Magic
 + Level 3.2 Evocations


You had 4 spell levels left.
You knew the following spells:

 Your Spells              Type           Power      Damage    Failure   Level
a - Summon Small Mammal   Summ           88%        N/A       1%          1
b - Call Imp              Summ           44%        N/A       3%          2
c - Call Canine Familiar  Summ           22%        N/A       6%          3
d - Summon Blazeheart Go  Fire/Summ      16%        N/A       38%         4

Your spell library contained the following spells:

 Spells                   Type           Power      Damage    Failure   Level
 Summon Lightning Spire   Summ/Air       13%        N/A       54%         4


Dungeon Overview and Level Annotations

Branches:
Dungeon (5/15)
 Temple: D:4-7

Altars:
Ashenzari
Hepliaklqana
Uskayaw

Shops:
D:1 *   D:2 =?

Annotations:
D:1 1 runed translucent door
D:3 2 transporters
D:5 Prince Ribbit


Innate Abilities, Weirdness & Mutations

Your serpentine skin is tough. (AC +2)
You have supernaturally acute eyesight. (SInv)
Armour fits poorly on your strangely shaped body.
Your system is resistant to poisons. (rPois)
You cover ground very slowly.
You can spit poison.
You have a snake-like lower body.
Your magical capacity is low. (-10% MP)
You are somewhat resistant to further mutation.
You are robust. (+10% HP)


Message History

The ice beast hits you. The ice beast freezes you!
Your cerulean imp closely misses the orc wizard.
Prince Ribbit hits you!!
* * * LOW HITPOINT WARNING * * *
The orc wizard points at you and mumbles some strange words.
The magic dart hits your blazeheart golem!
The orc barely misses you. The ice beast hits you.
* * * LOW HITPOINT WARNING * * *
The ice beast freezes you!
* * * LOW HITPOINT WARNING * * *
Your cerulean imp barely misses the orc wizard.
Your blazeheart golem punches the orc wizard.
Your blazeheart golem falls apart, revealing its core!
Unknown command.
Your blazeheart core explodes!
The fiery explosion engulfs your cerulean imp!!!
You kill your cerulean imp!
Your cerulean imp disappears in a puff of smoke!
The fiery explosion engulfs the orc!!
You kill the orc!
The fiery explosion engulfs the orc wizard!!
You kill the orc wizard!
Prince Ribbit barely misses you.
You hear a shout! x3
Unknown command.
Prince Ribbit blinks!
The ice beast misses you.
The ice beast attacks as it pursues you!
The ice beast barely misses you.
Unknown command.
Casting: Call Canine Familiar (dangerous; 6% risk of failure)
Confirm with . or Enter, or press ? or * to list all spells.
Your canine familiar is too injured to answer your call.
Casting: Call Canine Familiar (dangerous; 6% risk of failure)
Confirm with . or Enter, or press ? or * to list all spells.
A tiny devil pulls itself out of the air.
Your cerulean imp says, "You called?"
The ice beast hits you.
* * * LOW HITPOINT WARNING * * *
The ice beast freezes you!
You die...

#..................
#.................#
#..................
#................#
##..............###
##......†........#
#....###.........
#.....5Y........[
##....@#.........
#.....#..)......
##..?##..).....[
##.. #...F..... #..
..........
..............
...##..........
.... #..........


You could see an ice beast (ally target) and a friendly cerulean imp (summoned).

Vanquished Creatures
  Grinder (D:3)
  An orc wizard (D:5)
  4 adders
  A dart slug (D:3)
  4 orcs
  9 ball pythons
  An endoplasm (D:1)
  2 goblins
  A hobgoblin (D:2)
  2 quokkas (D:2)
  A bat (D:1)
  2 frilled lizards
  A kobold (D:2)
  2 rats (D:3)
32 creatures vanquished.

Vanquished Creatures (collateral kills)
  A scorpion (D:5)
  A jelly (D:4)
  4 adders
  A ribbon worm (D:2)
  7 orcs
  A bat (D:1)
  4 endoplasms
  A goblin (D:4)
  2 hobgoblins
  A quokka (D:3)
  3 ball pythons
  A frilled lizard (D:1)
27 creatures vanquished.

Vanquished Creatures (others)
  A blazeheart core (D:5)
1 creature vanquished.

Grand Total: 60 creatures vanquished

Notes
Turn   | Place    | Note
-------+----------+-------------------------------------------
     0 | D:1      | spaghetti the Naga Summoner began the quest for the Orb.
     0 | D:1      | Reached XP level 1. HP: 15/15 MP: 3/3
     1 | D:1      | Found a runed translucent door.
   495 | D:1      | Found Zapt's Assorted Antiques.
   513 | D:1      | Reached XP level 2. HP: 17/22 MP: 1/5
   527 | D:1      | Learned a level 2 spell: Call Imp
  1126 | D:2      | You fall into a shaft and drop 2 floors!
  1483 | D:3      | Reached XP level 3. HP: 15/28 MP: 4/7
  1514 | D:3      | Learned a level 3 spell: Call Canine Familiar
  1566 | D:3      | Found a transporter.
  1580 | D:3      | Noticed a +0 falchion
  1582 | D:3      | Noticed a +0 spear
  1582 | D:3      | Noticed a +0 dagger
  1582 | D:3      | Noticed a +0 falchion
  1582 | D:3      | Noticed a +0 short sword
  1582 | D:3      | Noticed a +0 dagger
  1582 | D:3      | Noticed a +0 spear
  1582 | D:3      | Noticed a +0 short sword
  1774 | D:2      | Found Jaory's Jewellery Emporium.
  2026 | D:2      | Found a hazy altar of Hepliaklqana.
  2066 | D:2      | Reached skill level 1 in Evocations
  2381 | D:2      | Found Cag Ruur's Magic Scroll Boutique.
  2387 | D:2      | Bought a scroll of teleportation for 39 gold pieces
  2387 | D:2      | Bought a scroll of identify for 26 gold pieces
  2632 | D:3      | Found a transporter.
  2767 | D:3      | Reached XP level 4. HP: 36/36 MP: 2/8
  2927 | D:3      | Noticed Grinder
  2941 | D:3      | Paralysed by Grinder for 2 turns
  2946 | D:3      | Gained mutation: Your magical capacity is low. (-10% MP)
                  | [potion of mutation]
  2946 | D:3      | Gained mutation: You are somewhat resistant to further
                  | mutation. [potion of mutation]
  2946 | D:3      | Gained mutation: You are robust. (+10% HP) [potion of
                  | mutation]
  2963 | D:3      | Killed Grinder
  2964 | D:3      | Reached skill level 5 in Summonings
  2964 | D:3      | Reached XP level 5. HP: 12/46 MP: 5/9
  2964 | D:3      | Reached XP level 6. HP: 13/53 MP: 5/10
  2982 | D:3      | Learned a level 4 spell: Summon Blazeheart Golem
  3153 | D:3      | Found a hide-covered altar of Uskayaw.
  3728 | D:4      | Found a broken altar of Ashenzari.
  3732 | D:4      | Saw a vision of the Shoals and the Spider Nest.
  3732 | D:4      | Noticed a redback
  3732 | D:4      | Noticed a tarantella
  3732 | D:4      | Noticed an emperor scorpion
  3732 | D:4      | Noticed a jumping spider
  3732 | D:4      | Noticed a redback
  3732 | D:4      | Noticed a redback
  3732 | D:4      | Noticed a boulder beetle
  3732 | D:4      | Noticed a tarantella
  3732 | D:4      | Noticed a merfolk impaler
  3732 | D:4      | Noticed a sea snake
  3732 | D:4      | Noticed a harpy
  3732 | D:4      | Noticed a manticore
  3732 | D:4      | Noticed a merfolk
  3733 | D:4      | Noticed a redback
  3733 | D:4      | Noticed a culicivora
  3733 | D:4      | Noticed a culicivora
  3733 | D:4      | Noticed a wolf spider
  3734 | D:4      | Noticed an entropy weaver
  3734 | D:4      | Noticed a redback
  3734 | D:4      | Noticed an orb spider
  3734 | D:4      | Noticed a merfolk
  3735 | D:4      | Noticed a redback
  4053 | D:4      | Reached skill level 1 in Fire Magic
  4239 | D:5      | Entered Level 5 of the Dungeon
  4303 | D:5      | Reached XP level 7. HP: 48/60 MP: 6/11
  4306 | D:5      | Noticed Prince Ribbit
  4315 | D:5      | HP: 3/60 [ice beast (4)]
  4315 | D:5      | Mangled by an ice beast

Illustrated notes

Levels and vault maps discovered:
D:1:      dpeg_arrival_caged_fury, layout_basic, serial_shops,
          nicolae_shop_competitors_out_of_business, grunt_decor_cap
D:2:      layout_loops_corners, basic_altar, serial_shops, nicolae_shop_trees,
          nicolae_shop_statue_plus, minmay_heptomino_h4
D:3:      gammafunk_wand_slinger, layout_basic, nicolae_uskayaw_en_pointe,
          uniq_grinder
D:4:      layout_cave_pools, grunt_ashenzari_visionary
          [grunt_ashenzari_visionary_shoals, grunt_ashenzari_visionary_spider],
          minmay_snake_closets
D:5:      layout_rooms, zin_scriptorium, minmay_temple_entry_poolview,
          uniq_pikel, uniq_prince_ribbit1, uniq_crazy_yiuf_cottage, uniq_ijyb

Skill      XL: |  1  2  3  4  5  6 |
---------------+-------------------+-----
Evocations     | 1 2 3 |  3.2
Spellcasting   | 3 4 |  4.1
Summonings     | 5 |  5.6
Fire Magic     | 1 |  1.9
Dodging        | |  1.5
Stealth        | |  3.0

Action                     |  1- 3 |  4- 6 |  7- 9 || total
---------------------------+-------+-------+-------++-------
  Melee: Unarmed           |    13 |       |       ||    13
         Staff             |    22 |       |       ||    22
         Punch             |     2 |     2 |       ||     4
         War axe           |    25 |    49 |     4 ||    78
   Cast: Summon Small Mamm |    19 |     4 |       ||    23
         Call Imp          |    10 |    11 |     1 ||    22
         Call Canine Famil |     4 |    10 |       ||    14
         Summon Blazeheart |       |     1 |     1 ||     2
Ability: Spit Poison       |     2 |       |       ||     2
    Use: Scroll            |     4 |     2 |       ||     6
         Potion            |       |     6 |       ||     6
   Stab: Sleeping          |     4 |     1 |       ||     5
         Distracted        |       |     1 |       ||     1
 Armour: Robe              |    42 |    23 |       ||    65
         Leather armour    |       |    33 |     5 ||    38
  Dodge: Dodged            |    40 |    44 |     7 ||    91
